A- WEST
STOCKTON PORTS @ VISALIA RAWHIDE
07/10/2041
 
TOP OF THE 1ST
Stockton Ports batting - Pitching for Visalia Rawhide : RHP Jim Rogers
Pitching: RHP Jim Rogers
Batting: RHB Tony Hernández 0-0: Ball
1-0: Fly out, F8 (Flyball, 8RD, EV 110.0 MPH)
Batting: RHB Héctor Correa 0-0: Ball
1-0: Foul Ball, location: 2RF
1-1: Ball
2-1: Foul Ball, location: 9LSF
2-2: Ball
3-2: Ground out 6-3 (Groundball, 6M, EV 102.5 MPH)
Batting: SHB Tomás Alonso 0-0: Fly out, F8 (Flyball, 8LD, EV 91.3 MPH)
Top of the 1st over - 0 runs, 0 hits, 0 errors, 0 left on base; Stockton 0 - Visalia 0
BOTTOM OF THE 1ST
Visalia Rawhide batting - Pitching for Stockton Ports : LHP Héctor García
Pitching: LHP Héctor García
Batting: LHB Mike Washington 0-0: Called Strike
0-1: Ball
1-1: Ground out 5-3 (Groundball, 56, EV 85.6 MPH)
Batting: RHB Bob Shaw 0-0: Ball
1-0: Ball
2-0: Called Strike
2-1: SINGLE (Groundball, 6MD, EV 107.5 MPH)
Batting: RHB Mariano Pérez 0-0: Ball
1-0: Foul Ball, location: 9LDF
1-1: Swinging Strike
1-2: Ball
2-2: Fly out, F9 (Flyball, 9D, EV 91.3 MPH)
Batting: RHB Sebastião Hassan 0-0: SINGLE (Line Drive, 3D, EV 100.0 MPH)
Bob Shaw to second
Runner from 2nd tries for 3rd, SAFE, no throw by RF
Batting: RHB Danny Flowers 0-0: SINGLE (Groundball, 3, EV 86.3 MPH)
Bob Shaw scores
Sebastião Hassan to second
Runner from 2nd tries for 3rd, SAFE, throw by RF made to third
Batting: RHB Mike Haydon 0-0: Ball
1-0: Ball
2-0: Ball
3-0: Base on Balls
Danny Flowers to second
Pitching: LHP Cristóbal Ramírez
Batting: LHB Shawn Moore 0-0: Ball
1-0: Ball
2-0: Ball
3-0: Called Strike
3-1: Base on Balls
Sebastião Hassan scores
Danny Flowers to third
Mike Haydon to second
Batting: RHB Tim Bishop 0-0: Ball
1-0: Ball
2-0: Ball
3-0: Base on Balls
Danny Flowers scores
Mike Haydon to third
Shawn Moore to second
Batting: LHB Jayden Wilcox 0-0: Foul Ball, location: 2F
0-1: Ball
1-1: Called Strike
1-2: GRAND SLAM HOME RUN (Flyball, 9D, EV 95.6 MPH), Distance : 383 ft
Batting: LHB Mike Washington 0-0: Swinging Strike
0-1: Ball
1-1: Called Strike
1-2: SINGLE (Groundball, 4M, EV 106.9 MPH) (infield hit)
Batting: RHB Bob Shaw 0-0: Ball
1-0: Foul Ball, location: 9LSF
1-1: Foul Ball, location: 9LSF
1-2: Foul Ball, location: 9LSF
1-2: SINGLE (Line Drive, 3D, EV 98.8 MPH)
Mike Washington to second
Batting: RHB Mariano Pérez 0-0: Called Strike
0-1: Fly out, F8 (Flyball, 8RXD, EV 96.9 MPH)
Bottom of the 1st over - 7 runs, 6 hits, 0 errors, 2 left on base; Stockton 0 - Visalia 7
TOP OF THE 2ND
Stockton Ports batting - Pitching for Visalia Rawhide : RHP Jim Rogers
Batting: LHB Edgar Vázquez 0-0: Ball
1-0: Foul Ball, location: 5FF
1-1: Foul Ball, location: 3F
1-2: SINGLE (Line Drive, 6D, EV 98.8 MPH)
Batting: RHB Manny Rodríguez 0-0: Ball
1-0: Fly out, F6 (Popup, 6M, EV 76.3 MPH)
Batting: SHB Juan Gonzáles 0-0: Called Strike
Edgar Vázquez is caught stealing 2nd base 2-6
0-1: Foul Ball, location: 5F
0-2: Ball
1-2: Foul Ball, location: 5FF
1-2: Foul Ball, location: 5FF
1-2: Foul Ball, location: 2F
1-2: Ground out 6-3 (Groundball, 6, EV 87.5 MPH)
Top of the 2nd over - 0 runs, 1 hit, 0 errors, 0 left on base; Stockton 0 - Visalia 7
BOTTOM OF THE 2ND
Visalia Rawhide batting - Pitching for Stockton Ports : LHP Cristóbal Ramírez
Batting: RHB Sebastião Hassan 0-0: Ball
1-0: Called Strike
1-1: Ball
2-1: Called Strike
2-2: Ball
3-2: Base on Balls
Batting: RHB Danny Flowers 0-0: Called Strike
0-1: Swinging Strike
0-2: Ball
1-2: Strikes out swinging
Batting: RHB Mike Haydon 0-0: Ball
1-0: Ball
2-0: Called Strike
2-1: Foul Ball, location: 9LSF
2-2: Ball
3-2: Base on Balls
Sebastião Hassan to second
Batting: LHB Shawn Moore 0-0: Fielders Choice at 2nd, 3-6 (Groundball, 3, EV 88.8 MPH)
Sebastião Hassan to third
Batting: RHB Tim Bishop 0-0: Called Strike
0-1: Foul Ball, location: 9LMF
0-2: Ball
1-2: Strikes out swinging, 2-3 out at first.
Bottom of the 2nd over - 0 runs, 0 hits, 0 errors, 2 left on base; Stockton 0 - Visalia 7
TOP OF THE 3RD
Stockton Ports batting - Pitching for Visalia Rawhide : RHP Jim Rogers
Batting: LHB Arturo Souza 0-0: Swinging Strike
0-1: Ball
1-1: Called Strike
1-2: Reached on error, E6 (Groundball, 6, EV 92.5 MPH)
Batting: SHB Ron Walsh 0-0: Called Strike
0-1: Ball
1-1: Ball
2-1: Foul Ball, location: 2F
2-2: Ball
3-2: SINGLE (Groundball, 4, EV 85.0 MPH)
Arturo Souza to second
Batting: RHB Tesema Matojo 0-0: Ball
1-0: Ball
2-0: Swinging Strike
2-1: Foul Ball, location: 2F
2-2: Strikes out swinging
Batting: RHB Tony Hernández 0-0: Ball
1-0: Foul Ball, location: 2F
1-1: Called Strike
1-2: Ball
2-2: Strikes out swinging
Batting: RHB Héctor Correa 0-0: Swinging Strike
0-1: Swinging Strike
0-2: Strikes out looking
Top of the 3rd over - 0 runs, 1 hit, 1 error, 2 left on base; Stockton 0 - Visalia 7
BOTTOM OF THE 3RD
Visalia Rawhide batting - Pitching for Stockton Ports : LHP Cristóbal Ramírez
Batting: LHB Jayden Wilcox 0-0: Foul Ball, location: 25F
0-1: Foul Ball, location: 2F
0-2: Ball
1-2: Fly out, F8 (Flyball, 8RD, EV 96.3 MPH)
Batting: LHB Mike Washington 0-0: Foul Ball, location: 2F
0-1: Ball
1-1: Foul Ball, location: 7LSF
1-2: Ball
2-2: Ground out 3-1 (Groundball, 34, EV 104.4 MPH)
Batting: RHB Bob Shaw 0-0: Ball
1-0: Fly out, F7 (Flyball, 7, EV 95.0 MPH)
Bottom of the 3rd over - 0 runs, 0 hits, 0 errors, 0 left on base; Stockton 0 - Visalia 7
TOP OF THE 4TH
Stockton Ports batting - Pitching for Visalia Rawhide : RHP Jim Rogers
Batting: SHB Tomás Alonso 0-0: Ball
1-0: Foul Ball, location: 5SF
1-1: Ball
2-1: Foul Ball, location: 2F
2-2: Foul Ball, location: 2F
2-2: Foul Ball, location: 25F
2-2: Strikes out swinging
Batting: LHB Edgar Vázquez 0-0: Ball
1-0: Called Strike
1-1: Ball
2-1: Called Strike
2-2: Foul Ball, location: 25FF
2-2: Strikes out swinging
Batting: RHB Manny Rodríguez 0-0: Ground out 4-3 (Groundball, 4, EV 88.8 MPH)
Top of the 4th over - 0 runs, 0 hits, 0 errors, 0 left on base; Stockton 0 - Visalia 7
BOTTOM OF THE 4TH
Visalia Rawhide batting - Pitching for Stockton Ports : LHP Cristóbal Ramírez
Batting: RHB Mariano Pérez 0-0: DOUBLE (Flyball, 89XD, EV 93.8 MPH)
Batting: RHB Sebastião Hassan 0-0: Ball
1-0: Ball
2-0: Ball
3-0: Called Strike
3-1: SINGLE (Groundball, 6MD, EV 94.4 MPH)
Mariano Pérez to third
Batting: RHB Danny Flowers 0-0: Foul Ball, location: 9LSF
0-1: Foul Ball, location: 2F
0-2: Ball
1-2: Strikes out swinging
Batting: RHB Mike Haydon 0-0: SINGLE (Groundball, 56, EV 102.5 MPH)
Mariano Pérez scores
Sebastião Hassan to second
Batting: LHB Shawn Moore 0-0: Called Strike
0-1: Ball
1-1: Foul Ball, location: 2RF
1-2: Ball
2-2: Strikes out swinging
Batting: RHB Tim Bishop 0-0: Ball
1-0: Ground out 2-3 (Groundball, 15S, EV 66.9 MPH)
Bottom of the 4th over - 1 run, 3 hits, 0 errors, 2 left on base; Stockton 0 - Visalia 8
TOP OF THE 5TH
Stockton Ports batting - Pitching for Visalia Rawhide : RHP Jim Rogers
Batting: SHB Juan Gonzáles 0-0: Ball
1-0: Swinging Strike
1-1: Called Strike
1-2: Foul Ball, location: 2F
1-2: Fly out, F8 (Flyball, 8LS, EV 85.6 MPH)
Batting: LHB Arturo Souza 0-0: Ball
1-0: Swinging Strike
1-1: Ball
2-1: Called Strike
2-2: Foul Ball, location: 5DF
2-2: Foul Ball, location: 9LDF
2-2: SINGLE (Line Drive, 56D, EV 95.6 MPH)
Batting: SHB Ron Walsh 0-0: Fly out, F7 (Flyball, 7, EV 96.3 MPH)
Batting: RHB Tesema Matojo 0-0: Ground out 6-3 (Groundball, P, EV 90.6 MPH)
Top of the 5th over - 0 runs, 1 hit, 0 errors, 1 left on base; Stockton 0 - Visalia 8
BOTTOM OF THE 5TH
Visalia Rawhide batting - Pitching for Stockton Ports : LHP Cristóbal Ramírez
Batting: LHB Jayden Wilcox 0-0: Called Strike
0-1: Foul Ball, location: 2F
0-2: Ball
1-2: Ball
2-2: Ball
3-2: Ground out 3-1 (Groundball, 34, EV 81.3 MPH)
Pitching: RHP Víctor Rodríguez
Batting: LHB Mike Washington 0-0: Ball
1-0: Called Strike
1-1: Swinging Strike
1-2: Ball
2-2: Ground out 4-3 (Groundball, 4, EV 100.0 MPH)
Batting: RHB Bob Shaw 0-0: Ground out 5-3 (Groundball, 5S, EV 71.3 MPH)
Bottom of the 5th over - 0 runs, 0 hits, 0 errors, 0 left on base; Stockton 0 - Visalia 8
TOP OF THE 6TH
Stockton Ports batting - Pitching for Visalia Rawhide : RHP Jim Rogers
Batting: RHB Tony Hernández 0-0: Swinging Strike
0-1: Foul Ball, location: 2F
0-2: Ground out 6-3 (Groundball, 6, EV 86.3 MPH)
Batting: RHB Héctor Correa 0-0: Ball
1-0: Called Strike
1-1: Ball
2-1: Ball
3-1: Called Strike
3-2: Ground out 6-3 (Groundball, 6S, EV 83.1 MPH)
Batting: SHB Tomás Alonso 0-0: Ground out U3 (Groundball, 3, EV 106.3 MPH)
Top of the 6th over - 0 runs, 0 hits, 0 errors, 0 left on base; Stockton 0 - Visalia 8
BOTTOM OF THE 6TH
Visalia Rawhide batting - Pitching for Stockton Ports : RHP Víctor Rodríguez
Batting: RHB Mariano Pérez 0-0: Foul Ball, location: 2F
0-1: Called Strike
0-2: Ball
1-2: Ball
2-2: Ball
3-2: Base on Balls
Batting: RHB Sebastião Hassan 0-0: Ball
1-0: Grounds into double play, 6-4-3 (Groundball, 6, EV 83.1 MPH)
Batting: RHB Danny Flowers 0-0: Ground out 3-1 (Groundball, 13, EV 84.4 MPH)
Bottom of the 6th over - 0 runs, 0 hits, 0 errors, 0 left on base; Stockton 0 - Visalia 8
TOP OF THE 7TH
Stockton Ports batting - Pitching for Visalia Rawhide : RHP Jim Rogers
Batting: LHB Edgar Vázquez 0-0: Ball
1-0: Swinging Strike
1-1: Foul Ball, location: 9LMF
1-2: Strikes out looking
Pitching: RHP Jorge Cortés
Pinch Hitting: LHB Jimmy Smith 0-0: Called Strike
0-1: Ball
1-1: Ball
2-1: Called Strike
2-2: Foul Ball, location: 5SF
2-2: Ball
3-2: Strikes out looking
Batting: SHB Juan Gonzáles 0-0: Ball
1-0: Ball
2-0: Fly out, F8 (Line Drive, 8RM, EV 89.4 MPH)
Top of the 7th over - 0 runs, 0 hits, 0 errors, 0 left on base; Stockton 0 - Visalia 8
BOTTOM OF THE 7TH
Visalia Rawhide batting - Pitching for Stockton Ports : RHP Víctor Rodríguez
Now in LF: Jimmy Smith
Batting: RHB Mike Haydon 0-0: Called Strike
0-1: Swinging Strike
0-2: Ball
1-2: Foul Ball, location: 2F
1-2: Strikes out swinging wild pitch, reaches first!
Batting: LHB Shawn Moore 0-0: Fly out, F7 (Flyball, 78S, EV 90.6 MPH)
Pinch Hitting: SHB Brad Murray 0-0: Ball
1-0: Called Strike
1-1: Foul Ball, location: 23F
1-2: Ball
2-2: Ball
3-2: Fly out, F5 (Popup, 56, EV 59.4 MPH)
Batting: LHB Jayden Wilcox 0-0: Called Strike
0-1: Foul Ball, location: 5SF
0-2: Foul Ball, location: 3FF
0-2: Ball
1-2: Foul Ball, location: 2F
1-2: Foul Ball, location: 3F
1-2: Foul Ball, location: 7LSF
1-2: Foul Ball, location: 7LDF
1-2: Ball
2-2: Foul Ball, location: 7LSF
2-2: SINGLE (Flyball, 9LS, EV 91.3 MPH)
Mike Haydon to second
Pinch Hitting: LHB Wes Cox 0-0: Foul Ball, location: 7LSF
0-1: Fly out, F6 (Popup, 6, EV 76.3 MPH)
Bottom of the 7th over - 0 runs, 1 hit, 0 errors, 2 left on base; Stockton 0 - Visalia 8
TOP OF THE 8TH
Stockton Ports batting - Pitching for Visalia Rawhide : RHP Jorge Cortés
Now at 3B: Brad Murray
Now in LF: Wes Cox
Batting: LHB Arturo Souza 0-0: Called Strike
0-1: Swinging Strike
0-2: Strikes out swinging
Batting: SHB Ron Walsh 0-0: Fly out, F8 (Flyball, 8RD, EV 105.0 MPH)
Pinch Hitting: LHB Jorge Oliveira 0-0: SINGLE (Groundball, 6MD, EV 101.9 MPH)
Pinch Hitting: LHB Arturo Reyes 0-0: Called Strike
0-1: Foul Ball, location: 7LSF
0-2: Ball
1-2: Ball
2-2: Strikes out swinging
Top of the 8th over - 0 runs, 1 hit, 0 errors, 1 left on base; Stockton 0 - Visalia 8
BOTTOM OF THE 8TH
Visalia Rawhide batting - Pitching for Stockton Ports : RHP Víctor Rodríguez
Now at 1B: Bubba Anderson
Now at 2B: Héctor Correa
Now at SS: Arturo Reyes
Batting: RHB Bob Shaw 0-0: Called Strike
0-1: Ball
1-1: Ball
2-1: Ball
3-1: Base on Balls
Batting: RHB Mariano Pérez 0-0: Ball
1-0: Foul Ball, location: 25F
1-1: Ball
2-1: Swinging Strike
2-2: Ball
3-2: Foul Ball, location: 5F
3-2: Foul Ball, location: 2RF
3-2: Fly out, F8 (Flyball, 8LM, EV 91.3 MPH)
Pitching: RHP Pat Byers
Batting: RHB Sebastião Hassan 0-0: Ball
1-0: Ball
2-0: Ball
3-0: Called Strike
3-1: Base on Balls
Bob Shaw to second
Batting: RHB Danny Flowers 0-0: Called Strike
0-1: Ball
1-1: Foul Ball, location: 7LSF
1-2: Ball
2-2: SINGLE (Flyball, 6MD, EV 95.0 MPH)
Bob Shaw to third
Sebastião Hassan to second
Batting: RHB Mike Haydon 0-0: Ball
1-0: Fly out, F8 (Line Drive, 89D, EV 99.4 MPH)
Runner from 3rd tags up, SCORES, no throw by CF
Batting: LHB Shawn Moore 0-0: Called Strike
0-1: Foul Ball, location: 3F
0-2: Foul Ball, location: 2F
0-2: Ball
1-2: Ball
2-2: Ball
3-2: SINGLE (Groundball, 4MD, EV 100.0 MPH)
Sebastião Hassan to third
Danny Flowers to second
Sebastião Hassan scores
Danny Flowers to third
Batting: SHB Brad Murray 0-0: Ball
1-0: Called Strike
1-1: Called Strike
1-2: Strikes out looking and he ARGUES THE CALL AND IS TOSSED!
Bottom of the 8th over - 2 runs, 2 hits, 0 errors, 2 left on base; Stockton 0 - Visalia 10
TOP OF THE 9TH
Stockton Ports batting - Pitching for Visalia Rawhide : RHP Jorge Cortés
Now at 3B: Tex McNeill
Batting: RHB Héctor Correa 0-0: Called Strike
0-1: Called Strike
0-2: Ball
1-2: Strikes out swinging
Batting: SHB Tomás Alonso 0-0: Ball
1-0: Ball
2-0: Ground out 3-1 (Groundball, 34, EV 99.4 MPH)
Batting: LHB Edgar Vázquez 0-0: Called Strike
0-1: Ball
1-1: Ground out 6-3 (Groundball, 6, EV 98.8 MPH)
Top of the 9th over - 0 runs, 0 hits, 0 errors, 0 left on base; Stockton 0 - Visalia 10
Monday, April 1st , 2024 - OOTP Baseball 24.10 Build 82